 BcadrenCrawl: Boulder Brew version 0.03.3.1-31-gd4c2611de9 (webtiles) character file.

Game seed: 16075449003164438961, levelgen mode: deterministic

3542 Lanoc the Fighter (level 9, -1/85 (86) HPs) Cyan Draconian Demonspawn. Began on Mar 18, 2021. Was a Priest of Bahamut & Tiamat. Slain by a wolf spider zombie (7 damage) ... on level 4 of the Dungeon. The game lasted 00:16:54 (3918 turns).

Lanoc the Fighter (Cyan Draconian Demonspawn)       Turns: 3918, Time: 00:16:56

HP:   -1/85 (86)    AC: 10    Str: 14    XL:     9 ^: 468
MP:   11/11         EV: 17    Int: 17    God:    Bahamut & Tiamat [3* [84]]
Gold: 160           SH:  0    Dex: 15    Spells: 9/10 levels left

rFire    . . .     Vision   .   (no weapon)
rCold    . . .     Gourm    .   y - +3 broad axe of Godiri {acid, *Contam +Blink Int+7}
rNeg     + . .     Faith    .   (armour unavailable)
rPois    .         Spirit   .   (helmet restricted)
rElec    +         Reflect  .   s - +0 cloak
rCorr    .         Harm     .   A - +0 pair of gloves
MR       ++...     Rnd*Tele +   (no boots)
Stlth    +++++.....             r - amulet "Mutaefagh" {+Rage MR++}
HPRegen  0.00/turn              (no ring)
MPRegen  0.21/turn              (no ring)

@: non-regenerating, diseased, hasted, very quick
A: no body armour, unfitting armour, hooves 2, stinger 1, thin skeletal
structure 1, deterioration 1, dopey 1, negative energy resistance 1,
nightstalker 3, electricity resistance, inhibited regeneration, teleportitis 1,
weak 2, cold-blooded, translocations enhancer 1, rCloud, rAir, AC +8
a: Breathe Blast of Wind, Choose Bahamut's Refined Breath, Choose Tiamat's
Adaptive Breath, Renounce Religion, Evoke Blink, Evoke Berserk Rage


You were on level 4 of the Dungeon.
You worshipped Bahamut & Tiamat.
Bahamut & Tiamat was most pleased with you.
You were not hungry.

You visited 1 branch of the dungeon, and saw 4 of its levels.

You collected 160 gold pieces.

Inventory:

Weapons
 y - the +3 broad axe of Godiri (weapon) {acid, *Contam +Blink Int+7}
   (You found it on level 4 of the Dungeon)

   It is coated in a slimy acidic goo that may deal extra damage to those that
   don't resist corrosion.
   Additionally may debuff the target's defensive and weapon capabilities by
   coating them in acid.
   Big, acidic blades are also staple armaments of hydra-hunters.
   It affects your intelligence (+7).
   It lets you blink.
   It causes magical contamination when unequipped.
Armour
 s - a +0 cloak (worn)
 A - a +0 pair of gloves (worn)
Jewellery
 r - the amulet "Mutaefagh" (around neck) {+Rage MR++}
   (You acquired it on level 3 of the Dungeon)

   [amulet of rage]

   It affects your resistance to hostile enchantments.
   It lets you go berserk.
Wands
 z - a wand of flame (25)
Scrolls
 b - 2 scrolls of bless item
 d - 2 scrolls of teleportation
 f - a scroll of fear
 h - 2 scrolls of amnesia
 i - 6 scrolls of blinking
 j - 4 scrolls of magic mapping
 k - 2 scrolls of silence
 l - 4 scrolls of fog
 o - 2 scrolls of immolation
 u - 2 scrolls of enchantment
Potions
 a - a potion of brilliance
 g - a potion of might
 m - a potion of invisibility
 n - 2 potions of curing
 p - a potion of resistance
 q - a potion of haste
 t - a potion of agility
 v - 3 potions of ambrosia
 w - a potion of berserk rage
 x - 2 potions of heal wounds
Miscellaneous
 e - a phantom mirror
Comestibles
 c - 4 rations
 B - a chunk of flesh


   Skills:
 + Level 10.8 Fighting
   Level 1.5 Long Blades
 + Level 8.1 Dodging
 - Level 1.3 Stealth
 - Level 1.3 Spellcasting
 - Level 1.5 Fire Magic
 - Level 3.0 Invocations


You had 9 spell levels left.
You knew the following spells:

 Your Spells              Type           Power        Failure   Level  Hunger
a - Flame Tongue          Fire           6 (30)       11%         1    ##.....

Your spell library contained the following spells:

 Spells                   Type           Power        Failure   Level  Hunger
 Blink                    Tloc           N/A          30%         2    ###....
 Call Imp                 Summ           1 (100)      30%         2    ###....
 Slow                     Hex            1 (100)      30%         2    ###....
 Conjure Flame            Fire           6 (100)      32%         3    ####...
 Mephitic Cloud           Pois/Air       1 (100)      52%         3    ####...


Dungeon Overview and Level Annotations

Branches:
Dungeon (4/8)
 Temple: D:4

Altars:
Bahamut & Tiamat
Elyvilon
Nemelex Xobeh
Uskayaw
Wu Jian
Xom


Innate Abilities, Weirdness & Mutations

You cannot fit into any form of body armour.
Your empereal azure scales are resilient. (AC +8)
You can breathe strong gales of wind.
You have hoof-like feet.
You have a somewhat thin skeletal structure. (Dex +2, Stealth)
You resist negative energy. (rN+)
You are completely attuned to the shadows.
You are cold-blooded and may be slowed by cold attacks.
You are in touch with the powers of translocation.
Your empereal azure scales grant you immunity to the effects of clouds and air. (rCloud, rAir)
Your tail ends in a poisonous barb.
Your body sometimes deteriorates upon taking damage.
You are dopey. (Int -2)
You are resistant to electric shocks. (rElec)
You do not regenerate when monsters are visible.
You are occasionally teleported next to monsters.
You are very weak. (Str -4)


Message History

The wolf spider zombie hits you (4).
* * * LOW HITPOINT WARNING * * *
The wolf spider zombie bites you but does no damage.
You barely miss the wolf spider zombie. You hit the wolf spider zombie (4).
The wolf spider zombie is splashed with acid (3).
You kick the wolf spider zombie, but do no damage.
The wolf spider zombie is moderately damaged. (57/93) HP The wolf spider zombie closely misses you (0).
The wolf spider zombie bites you (4).
* * * LOW HITPOINT WARNING * * *
The wolf spider zombie hits you (8)!
* * * LOW HITPOINT WARNING * * *
The wolf spider zombie bites you but does no damage.
You hit the wolf spider zombie but do no damage.
You slash the wolf spider zombie (15)!
The wolf spider zombie is splashed with acid (3).
You kick the wolf spider zombie (3).
The wolf spider zombie is severely damaged. (36/93) HP The wolf spider zombie hits you (7)!
You die...

#.## #.# #.## #.#
##.######.##
#.##########......##...
#.........##...##.#####
#.#######)#...[.#.# #
#..... #.##....#.# #
#.###. #.##..#.#.#####
#.# #.###.##...........
#.# #Z@........##.#####
#####.##.####.#
.....##......#
##############


You could see a wolf spider zombie.

Vanquished Creatures
  4 wraiths (D:4)
  A slime creature (D:2)
  A guardian mummy (D:4)
  Purgy (D:2)
  A hell hound (D:3)
  A phantom (D:4)
  3 water moccasins (D:2)
  A necrophage (D:4)
  A scorpion (D:3)
  2 big kobolds (D:2)
  2 bullfrogs
  A crimson imp (D:3)
  4 orc priests
  4 jellies (D:2)
  10 mummies (D:3)
  An iguana (D:4)
  2 orc wizards (D:3)
  9 hell rats (D:3)
  2 worker ants (D:3)
  10 giant cockroaches
  A bullfrog skeleton (D:4)
  6 adders
  A porcupine simulacrum (D:3)
  31 sewer rats
  A spectral giant cockroach (D:3)
  A spectral iguana (D:3)
  7 cinder newts
  2 spectral hell rats (D:3)
  5 worms
  3 oozes
  A dart slug (D:1)
  2 leopard geckos (D:2)
  16 orcs
  An adder skeleton (D:2)
  2 bats (D:2)
  4 jackals
  A quokka (D:3)
  2 ball pythons (D:2)
  A goblin skeleton (D:2)
  A jackal simulacrum (D:3)
  10 kobolds (D:2)
  An orc skeleton (D:2)
  A spectral leopard gecko (D:3)
162 creatures vanquished.

Vanquished Creatures (others)
  A bullfrog skeleton (D:4)
  A bullfrog simulacrum (D:3)
  A hound simulacrum (D:3)
  An adder simulacrum (D:3)
  2 leopard gecko simulacra (D:3)
  78 withered plants (D:2)
84 creatures vanquished.

Grand Total: 246 creatures vanquished

Notes
Turn   | Place    | Note
-------+----------+-------------------------------------------
     0 | D:1      | Lanoc the Immature Draconian Demonspawn began the quest for
                  | the Orb.
     0 | D:1      | Reached XP level 1. HP: 16/16 MP: 3/3
    56 | D:2      | Noticed a jelly
    68 | D:2      | Reached skill level 2 in Fighting
    68 | D:2      | Gained mutation: You have large cloven feet. [demonic
                  | ancestry]
    68 | D:2      | Reached XP level 2. HP: 24/24 MP: 4/4
    71 | D:2      | Reached XP level 3. HP: 19/30 MP: 5/5
   105 | D:2      | Reached skill level 3 in Fighting
   120 | D:1      | Gained mutation: You have a somewhat thin skeletal
                  | structure. (Dex +2, Stealth) [demonic ancestry]
   120 | D:1      | Reached XP level 4. HP: 19/38 MP: 4/6
   265 | D:2      | Reached skill level 4 in Fighting
   265 | D:2      | Gained mutation: You are slightly more attuned to the
                  | shadows. [demonic ancestry]
   265 | D:2      | Reached XP level 5. HP: 34/46 MP: 5/7
   470 | D:1      | Gained mutation: You are significantly more attuned to the
                  | shadows. [demonic ancestry]
   470 | D:1      | Reached XP level 6. HP: 35/53 MP: 4/8
   560 | D:2      | Reached skill level 5 in Fighting
   572 | D:2      | Noticed a water moccasin
   573 | D:2      | Noticed a water moccasin
   590 | D:2      | Killed a water moccasin
   658 | D:2      | Found a shimmering altar of Xom.
   660 | D:2      | Found a sparkling altar of Nemelex Xobeh.
   667 | D:2      | Became a worshipper of Xom the Elder Chaos God
   798 | D:3      | Your scales start taking on an empereal azure colour.
   798 | D:3      | Reached XP level 7. HP: 59/62 MP: 9/9
   798 | D:3      | Gained mutation: You have hoof-like feet. [demonic
                  | ancestry]
   798 | D:3      | Gained mutation: Your empereal azure scales grant you
                  | immunity to the effects of clouds and air. (rCloud, rAir)
                  | [Cyan Draconian growth]
   798 | D:3      | Gained mutation: You are in touch with the powers of
                  | translocation. [Cyan Draconian growth]
   827 | D:3      | XOM: silly message
   842 | D:3      | Reached skill level 6 in Fighting
   990 | D:3      | Reached skill level 5 in Dodging
   991 | D:3      | Found an ornate altar of Bahamut and Tiamat.
   998 | D:3      | Fell from the grace of Xom
   998 | D:3      | Became a worshipper of Bahamut & Tiamat
  1220 | D:3      | Reached skill level 7 in Fighting
  1288 | D:3      | XOM: mild Necr miscast
  1297 | D:2      | Found a hide-covered altar of Uskayaw.
  1419 | D:2      | Reached * piety under Bahamut & Tiamat
  1477 | D:2      | Noticed Purgy
  1486 | D:2      | Killed Purgy
  1486 | D:2      | Gained mutation: You are completely attuned to the shadows.
                  | [demonic ancestry]
  1486 | D:2      | Reached XP level 8. HP: 63/73 MP: 10/10
  1574 | D:2      | XOM: polymorph giant blowfly -> shapeshifter
  1684 | D:2      | Found a shimmering altar of Xom.
  1684 | D:2      | Found a shimmering altar of Xom.
  1684 | D:2      | Found a shimmering altar of Xom.
  1856 | D:2      | Reached skill level 8 in Fighting
  1903 | D:2      | Reached ** piety under Bahamut & Tiamat
  2089 | D:2      | Found a white marble altar of Elyvilon.
  2234 | D:2      | XOM: medium Necr miscast
  2347 | D:3      | Found an ornate altar of the Wu Jian Council.
  2626 | D:3      | Reached skill level 9 in Fighting
  2637 | D:3      | HP: 2/78 [hell rat (7)]
  2642 | D:3      | Gained mutation: You resist negative energy. (rN+) [demonic
                  | ancestry]
  2642 | D:3      | Reached XP level 9. HP: 11/83 MP: 11/11
  2913 | D:3      | Gained mutation: Your poor vision makes scrolls take longer
                  | to read and aiming more difficult. [potion of mutation]
  2913 | D:3      | Gained mutation: You are weak. (Str -2) [potion of
                  | mutation]
  2913 | D:3      | Lost mutation: Your poor vision makes scrolls take longer
                  | to read and aiming more difficult. [potion of mutation]
  2914 | D:3      | Gained mutation: You do not regenerate when monsters are
                  | visible. [potion of mutation]
  2914 | D:3      | Gained mutation: Your body sometimes deteriorates upon
                  | taking damage. [potion of mutation]
  2915 | D:3      | Gained mutation: You are occasionally teleported next to
                  | monsters. [potion of mutation]
  2915 | D:3      | Gained mutation: You can translocate small distances at
                  | will. [potion of mutation]
  2915 | D:3      | Gained mutation: You are very weak. (Str -4) [potion of
                  | mutation]
  3065 | D:3      | Identified a scroll of acquirement
  3077 | D:3      | Identified the amulet "Mutaefagh" {+Rage MR++} (You
                  | acquired it on level 3 of the Dungeon)
  3077 | D:3      | Identified the Almanac of the Assistive Mountains (You
                  | acquired it on level 3 of the Dungeon)
  3185 | D:3      | Lost mutation: You can translocate small distances at will.
                  | [potion of mutation]
  3185 | D:3      | Gained mutation: You are dopey. (Int -2) [potion of
                  | mutation]
  3185 | D:3      | Gained mutation: You are resistant to electric shocks.
                  | (rElec) [potion of mutation]
  3186 | D:3      | Gained mutation: Your tail ends in a poisonous barb.
                  | [potion of mutation]
  3288 | D:4      | Identified the +3 broad axe of Godiri {acid, *Contam +Blink
                  | Int+7}
  3320 | D:4      | Reached *** piety under Bahamut & Tiamat
  3399 | D:4      | XOM: god gift: scroll of blinking
  3511 | D:4      | XOM: mild Ice miscast
  3523 | D:4      | XOM: 2-stop teleportation journey
  3536 | D:4      | Reached skill level 10 in Fighting
  3870 | D:4      | Identified the cursed ring "Omiylema" {rPois MP+9 Dex+2,
                  | (Curse: Fragile Slay-3)}
  3918 | D:4      | Slain by a wolf spider zombie

Levels and vault maps discovered:
D:1:      evilmike_arrival_hilbert_curve, layout_basic, minmay_split_cup_large
D:2:      layout_sewer, eat_drink_and_be_merry_uskayaw, xom_redecorated,
          nemelex_xobeh_ov_fountains_minmay, elyvilon_niche, basic_altar,
          first_ration, uniq_purgy
D:3:      ossuary_due_small_catacomb, layout_loops_ring, lemuel_round_altar,
          marbit_many_paths
D:4:      layout_loops_corners, lemuel_temple_firewalk_b,
          miniossuary_due_ghosttown

Skill      XL: |  1  2  3  4  5  6  7  8  9 |
---------------+----------------------------+-----
Fighting       | 2 3 4 5 7 9 10 | 10.8
Dodging        | 3 4 5 6 8 |  8.1
Long Blades    | |  1.5
Stealth        | |  1.3
Spellcasting   | |  1.3
Fire Magic     | |  1.5
Invocations    | |  3.0

Action                   |  1- 3 |  4- 6 |  7- 9 || total
-------------------------+-------+-------+-------++-------
Melee: Long sword        |    17 |    56 |   210 ||   283
       Unarmed           |    12 |    39 |   204 ||   255
       Kick              |     1 |    12 |    77 ||    90
       Tailslap          |       |     5 |    46 ||    51
       Broad axe         |       |       |    47 ||    47
 Cast: Flame Tongue      |     1 |    15 |     9 ||    25
Invok: Choose Tiamat's R |       |       |     1 ||     1
 Abil: Breathe Blast of  |       |       |     3 ||     3
  Use: Potion            |       |       |     8 ||     8
       Scroll            |       |       |     1 ||     1
 Stab: Sleeping          |       |     2 |    19 ||    21
       Distracted        |       |       |     3 ||     3
  Eat: Chunk             |       |       |    13 ||    13
Armor: Skin              |     6 |    29 |    52 ||    87
Dodge: Dodged            |    29 |   117 |   179 ||   325
       Rpst.: Long sword |     8 |    49 |    43 ||   100
